 Dungeon Crawl Stone Soup version 0.31.0-9-g3a7656b989 (webtiles) character file.

Game seed: 10222179075383189647

53 qw the Shooter (level 3, -1/20 HPs)
             Began as a Deep Elf Hunter on Feb 2, 2024.
             Succumbed to Robin's poison
             ... on level 2 of the Dungeon.
             The game lasted 00:00:05 (1219 turns).

qw the Shooter (Deep Elf Hunter)                    Turns: 1219, Time: 00:00:05

Health: -1/20      AC:  8    Str: 10    XL:     3   Next: 64%
Magic:  5/5        EV: 11    Int: 13    God:
Gold:   59         SH:  0    Dex: 18    Spells: 2/2 levels left

rFire   . . .        a - +0 shortbow
rCold   . . .        (shield currently unavailable)
rNeg    . . .        d - +3 ring mail
rPois   .            (no helmet)
rElec   .            (no cloak)
rCorr   .            (no gloves)
SInv    .            (no boots)
Will    .....        (no amulet)
Stlth   +            (no ring)
HPRegen 0.23/turn    (no ring)
MPRegen 0.09/turn

%: no passive effects
@: lethally poisoned (-1 -> -11)
A: no striking features
a: no special abilities


You were on level 2 of the Dungeon.
You visited 1 branch of the dungeon, and saw 2 of its levels.

You collected 59 gold pieces.


   Skills:
 - Level 1.5 Fighting
 + Level 7.1 Ranged Weapons
 - Level 2.4 Dodging
 - Level 1.2 Stealth


You had 2 spell levels left.
You didn't know any spells.
Your spell library was empty.

Inventory:

Hand Weapons
 a - a +0 shortbow (weapon)
Armour
 d - a +3 ring mail (worn)
Scrolls
 h - a scroll of silence {unknown}
 i - a scroll of noise {unknown}
Potions
 b - a potion of curing {unknown}
 c - a potion of might
 e - a potion of heal wounds {unknown}
 f - 2 potions of attraction {unknown}

Dungeon Overview and Level Annotations

Branches:
Dungeon (2/15)

Altars:
Xom

Annotations:
D:2 Robin


Message History

Robin shouts!
The arrow hits the goblin.
You kill the goblin!
The goblin hits you but does no damage.
You shoot an arrow. The arrow closely misses the goblin.
The arrow hits the goblin.
You kill the goblin!
The hobgoblin misses you. The goblin misses you.
You shoot an arrow. The arrow hits the goblin.
You kill the goblin!
The hobgoblin closely misses you.
Robin roars a battlecry!
The goblins go into a battle-frenzy!
The goblin shoots a sling bullet.
The sling bullet barely misses you.
You shoot an arrow. The arrow hits the hobgoblin.
The hobgoblin is moderately wounded.
The hobgoblin hits you but does no damage.
The goblin shoots a sling bullet.
The sling bullet barely misses you.
You shoot an arrow. The arrow hits the hobgoblin.
You kill the hobgoblin!
The goblin shoots a sling bullet.
The sling bullet hits you.
You shoot an arrow. The arrow hits Robin.
Robin is moderately wounded.
Robin hits you but does no damage.
You are poisoned.
You shoot an arrow. The arrow hits Robin.
Robin is heavily wounded.
You feel very sick.
The goblin shoots a sling bullet.
The sling bullet hits you.
You shoot an arrow. The arrow hits Robin.
Robin is almost dead.
You feel sick. Robin completely misses you.
The goblin shoots a sling bullet.
The sling bullet barely misses you.
You shoot an arrow. The arrow barely misses Robin.
You feel sick. Robin hits you but does no damage.
You are more poisoned.
The goblin shoots a sling bullet.
The sling bullet hits you. Robin barely misses you.
You shoot an arrow. The arrow barely misses Robin.
You die...

.g#########...#. ##.......##.....
gg...##.<.......##........#..>...
#gg.....<.##..#..........<#......
..................##.....##777...
#...###..##.............?.77P77..
............................P777.
.........................77..PP7.
#......##......)g......7777.7....
.............)g)@...[.77.P..777..
#P.#####.......##....%7....777...
PP.####......## #.##..7P.P.P77...
7PP......##.#####.##..77P7777####
....####..7.7.....###..77
............#######.....#########
....###.7#7.7#7##.........>......
....# #........%..#...<.#########
....# ##7#7.7#7..##.....# #


You could see Robin and a goblin (strong).

Vanquished Creatures
  An adder (D:2)
  A dart slug (D:1)
  4 endoplasms
  A giant cockroach (D:2)
  7 goblins
  6 hobgoblins
  4 jackals (D:1)
  A quokka (D:1)
  4 ball pythons
  3 frilled lizards (D:1)
  4 rats (D:1)
  A spectral goblin (D:1)
37 creatures vanquished.

Notes
Turn   | Place    | Note
-------+----------+-------------------------------------------
     0 | D:1      | qw the Deep Elf Hunter began the quest for the Orb.
     0 | D:1      | Reached XP level 1. HP: 12/12 MP: 3/3
     0 | D:1      | 0 ||| qw: Version: 0.3-a-155-g5e7d8dd
     0 | D:1      | 0 ||| qw: Game counter: 2247
     0 | D:1      | 0 ||| qw: Melee chars always use a shield: true
     0 | D:1      | 0 ||| qw: God list: Okawaru
     0 | D:1      | 0 ||| qw: Allow faded altars: false
     0 | D:1      | 0 ||| qw: Do Orc after clearing Dungeon:15 true
     0 | D:1      | 0 ||| qw: Do second Lair branch before Depths: true
     0 | D:1      | 0 ||| qw: Lair rune preference: random
     0 | D:1      | 0 ||| qw: Goals: Normal
     0 | D:1      | 0 ||| PLANNING D:1-11
    82 | D:1      | You fall into a shaft and drop 1 floor!
   109 | D:2      | 109 ||| UPGRADING to +0 ring mail.
   119 | D:2      | 119 ||| DROPPING +0 leather armour.
   120 | D:2      | 120 ||| READING scroll labelled SIHYOKL MOBLOT.
   121 | D:2      | 121 ||| READING 2 scrolls labelled FYOH HILAER.
   121 | D:2      | 121 ||| ENCHANTING +0 ring mail.
   122 | D:2      | 122 ||| READING scroll of enchant armour.
   122 | D:2      | 122 ||| ENCHANTING +1 ring mail.
   123 | D:2      | 123 ||| DROPPING scroll of butterflies.
   236 | D:1      | Reached skill level 6 in Ranged Weapons
   236 | D:1      | Reached XP level 2. HP: 16/16 MP: 4/4
   346 | D:1      | Found a faded altar of an unknown god.
   361 | D:1      | 361 ||| READING scroll of enchant armour.
   361 | D:1      | 361 ||| ENCHANTING +2 ring mail.
   785 | D:1      | 785 ||| READING scroll labelled DOAKYX SANINGU.
   886 | D:1      | 886 ||| READING 2 scrolls labelled WAS CECACKIEBBUI.
   890 | D:1      | 890 ||| READING scroll labelled ZORGHAN BAFYUMPIMN.
   890 | D:1      | 890 ||| IDENTIFYING glowing red potion
   938 | D:2      | Found a shimmering altar of Xom.
  1014 | D:2      | Reached XP level 3. HP: 19/20 MP: 5/5
  1101 | D:2      | Noticed Robin
  1113 | D:2      | Reached skill level 7 in Ranged Weapons
  1115 | D:2      | HP: 5/20 [hobgoblin[Robin] (1)]
  1116 | D:2      | 1116 ||| READING scroll of teleportation.
  1216 | D:2      | HP: 4/20 [goblin/sling bullet[Robin] (4)]
  1219 | D:2      | Succumbed to Robin's poison

Levels and vault maps discovered:
D:1:      dpeg_arrival_shrine, layout_loops_ring,
          dreamdust_ecumenical_altar_drowned_temple, dk_noncrumbling_3,
          hangedman_abyss_or_decor_stabs, nrook_campfire
D:2:      layout_rooms, basic_altar, serial_forest, infiniplex_forest_corner_1,
          infiniplex_forest_lined_room_2, infiniplex_forest_clump_tiny,
          infiniplex_forest_zigzag_1, infiniplex_forest_straight_1,
          infiniplex_forest_lined_4_way, infiniplex_forest_straight_4,
          infiniplex_forest_clump_tiny, infiniplex_forest_side_room,
          minmay_misc_feat_columns, kennysheep_generic_room_9, uniq_robin

Skill      XL: |  1  2  3 |
---------------+----------+-----
Ranged Weapons | 6 7 |  7.1
Fighting       | |  1.5
Dodging        | |  2.4
Stealth        | |  1.2

Action                     || total
---------------------------++-------
   Fire: Shortbow          ||   109
    Use: Scroll            ||     8
 Armour: Ring mail         ||    79
  Dodge: Dodged            ||    63

Table legend:
 A = Non-vault XP
 B = Vault XP
 C = Vault XP percentage of total XP
 D = Non-vault monster count
 E = Vault monster count
 F = Vault count percentage of total count
                 A         B        C        D         E       F
            +---------+---------+-------+---------+---------+-------
      Total |      57 |      20 |  26.0 |      26 |      11 |  29.7
            +---------+---------+-------+---------+---------+-------
        D:1 |      34 |       1 |   2.9 |      20 |       1 |   4.8
        D:2 |      23 |      19 |  45.2 |       6 |      10 |  62.5
            +---------+---------+-------+---------+---------+-------
